Map: Nightscape LE

Players

Massa - Winner!

  • Race: Terran Terran
  • League: Platinum
  • Spawn Location: 7:00

qqq - Winner!

  • Race: Zerg Zerg
  • League: Platinum
  • Spawn Location: 7:00

Archangel

  • Race: Protoss Protoss
  • League: Diamond
  • Spawn Location: 1:00

ATomCorp

  • Race: Terran Terran
  • League: Silver
  • Spawn Location: 1:00

VOD

Have the link to the VOD?

Description

Time

  • Played on: Sept. 25, 2020, 12:28 p.m.
  • Length: 13:30
Show
View Real Time Build Order
Export as new Build Order

Massa Terran - Winner!

Build Orders: Reaper Expand 

Get SALT Encoding   

  12  0:00  SCV  
  13  0:12  SCV  
  14  0:22  Supply Depot  
  14  0:24  SCV  
  15  0:41  Refinery  
  15  0:44  SCV  
  15  0:45  Barracks  
  16  0:56  SCV  
  17  1:08  SCV  
  18  1:20  SCV  
  19  1:32  Orbital Command  
  19  1:33  Reaper  
  20  1:43  Command Center  
  20  1:59  SCV  
  21  2:05  Marine  
  22  2:12  SCV  
  23  2:16  Factory  
  23  2:27  Barracks Reactor  
  23  2:43  Supply Depot  
  23  2:55  SCV  
  23  2:56  Supply Depot  
  23  2:58  Engineering Bay  
  24  2:59  Orbital Command  
  24  3:07  SCV  
  24  3:11  Starport  
  25  3:13  Barracks Tech Lab  
  25  3:19  SCV  
  26  3:23  Hellion x2  
  30  3:27  SCV  
  30  3:31  SCV  
  32  3:37  Missile Turret  
  32  3:40  Missile Turret  
  32  3:42  Marauder  
  32  3:44  Hellion x2  
  38  4:01  Refinery  
  38  4:03  Marauder  
  38  4:05  Hellion  
  38  4:06  Hellion, Missile Turret  
  44  4:12  Stimpack  
  44  4:25  Refinery, Marauder  
  47  4:38  SCV x2  
  48  4:46  Command Center  
  48  4:47  Terran Infantry Weapons Level 1  
  48  4:50  SCV x2  
  50  4:56  Marauder  
  54  5:00  Widow Mine  
  54  5:05  Supply Depot  
  54  5:06  Supply Depot  
  54  5:27  Widow Mine, SCV x2, Marauder  
  60  5:36  Starport Reactor  
  60  5:39  SCV  
  60  5:41  Armory  
  61  5:44  Engineering Bay  
  61  5:48  Marauder  
  63  5:50  SCV  
  63  5:51  SCV  
  63  5:52  Concussive Shells  
  65  6:02  SCV  
  65  6:03  SCV  
  67  6:10  Marauder  
  69  6:12  Barracks  
  69  6:13  Missile Turret  
  69  6:14  SCV  
  69  6:15  SCV  
  69  6:17  Barracks  
  71  6:19  Barracks  
  71  6:25  Widow Mine x2  
  77  6:33  Marauder, Missile Turret  
  77  6:35  Medivac, Combat Shield  
  79  6:40  Viking  
  79  6:42  Terran Infantry Armor Level 1  
  83  6:54  Marauder, Missile Turret  
  83  6:57  Factory Tech Lab, Barracks  
  83  7:05  Viking  
  83  7:06  Barracks Tech Lab  
  83  7:07  Barracks Reactor  
  85  7:08  Barracks Tech Lab  
  85  7:24  Supply Depot x2  
  85  7:26  Supply Depot  
  85  7:28  Supply Depot  
  84  7:32  Viking  
  84  7:44  Ghost Academy  
  84  7:46  Marauder  
  84  7:48  Ghost Academy  
  84  7:49  Terran Infantry Weapons Level 2  
  86  7:51  Terran Vehicle Weapons Level 1  
  86  8:29  Armory  
  86  8:36  Terran Infantry Armor Level 2  
  86  8:39  Siege Tank  
  89  8:42  Refinery  
  89  8:46  Barracks Reactor  
  91  8:48  Marauder, Marine  
  91  8:49  Marine x3  
  91  8:52  Orbital Command  
  91  8:54  SCV x2  
  97  9:06  SCV x2, Marine x4  
  97  9:09  Marine  
  104  9:18  SCV  
  104  9:24  Marine x4  
  105  9:27  Marine x2  
  105  9:28  Marine  
  105  9:29  Drilling Claws  
  105  9:30  Siege Tank  
  115  9:35  Viking  
  115  9:36  Viking  
  115  9:42  Marine x4  
  115  9:45  Marine x3  
  114  9:59  Marine  
  110  10:00  Marine x3  
  110  10:03  Marine x3  
  116  10:17  Marine  
  117  10:33  Supply Depot  
  117  10:34  Supply Depot  
  117  10:36  Supply Depot x2  
  117  10:44  Enhanced Shockwaves, Personal Cloaking  
  117  10:55  Marauder x3, Marine x2  
  117  10:56  Marine x2, Command Center  
  127  10:59  Supply Depot  
  127  11:00  Supply Depot  
  127  11:01  Supply Depot  
  127  11:07  Command Center  
  127  11:13  Marine x2  
  127  11:14  Marine x2  
  127  11:17  Marauder x3  
  137  11:30  Marine x2  
  129  11:36  Marine x2  
  129  11:38  Marauder x3  
  97  11:48  Marine x2  
  97  11:53  Marine  
  98  11:54  Marine  
  98  11:59  Marauder x3  
  105  12:02  Nuke  
  105  12:06  Marine x2  
  105  12:07  SCV x3  
  110  12:09  Orbital Command, Nuke  
  110  12:11  Marine  
  110  12:12  Marine  
  112  12:19  SCV x3  
  112  12:21  Marauder x3  
  121  12:24  Marine x2  
  121  12:29  Marine x2  
  124  12:31  SCV x3  
  124  12:33  Orbital Command  
  128  12:39  Refinery  
  128  12:40  Refinery  
  128  12:42  Marauder x3, Marine x2  
  128  12:43  SCV  
  137  12:47  Marine x2  
  139  12:58  Refinery  
  139  13:00  Refinery  
  139  13:04  Marauder x2  
Show
View Real Time Build Order
Export as new Build Order

qqq Zerg - Winner!

Build Orders: Hatch First 

Get SALT Encoding   

  12  0:07  Drone  
  12  0:08  Drone  
  14  0:37  Hatchery  
  13  0:44  Drone  
  14  0:57  Spawning Pool  
  13  1:04  Overlord  
  13  1:07  Drone  
  14  1:12  Extractor  
  14  1:15  Drone  
  14  1:23  Drone  
  15  1:27  Drone  
  16  1:41  Drone  
  17  1:51  Drone  
  17  1:52  Queen  
  17  1:53  Drone  
  21  1:59  Drone  
  21  2:01  Drone  
  22  2:09  Queen  
  22  2:14  Drone  
  25  2:20  Metabolic Boost  
  25  2:24  Drone  
  26  2:30  Overlord  
  26  2:33  Drone  
  26  2:35  Drone  
  28  2:40  Overlord  
  28  2:49  Zergling x2  
  29  2:56  Drone  
  29  2:57  Drone  
  31  2:58  Lair  
  31  2:59  Zergling x2  
  32  3:09  Zergling x2  
  32  3:11  Drone  
  34  3:17  Zergling x4  
  34  3:18  Zergling x2  
  34  3:19  Drone  
  38  3:23  Zergling x2  
  39  3:36  Overlord  
  39  3:38  Overlord  
  39  3:39  Overlord  
  39  3:42  Extractor  
  39  3:45  Extractor  
  39  3:47  Extractor  
  36  3:54  Drone x2  
  36  3:55  Drone x2  
  40  4:01  Drone  
  40  4:02  Drone x3  
  44  4:12  Drone  
  45  4:18  Zergling x6  
  45  4:22  Drone  
  49  4:26  Zergling x2  
  49  4:27  Zergling x4  
  49  4:28  Spire  
  51  4:36  Drone x3  
  54  4:46  Zergling x2  
  54  4:51  Hatchery  
  54  4:52  Drone  
  55  4:53  Overlord  
  55  4:57  Overlord  
  55  5:00  Drone  
  55  5:01  Drone  
  57  5:14  Drone  
  57  5:15  Drone x2  
  57  5:16  Zergling x2  
  57  5:17  Zergling x4  
  61  5:29  Drone  
  61  5:30  Zergling x2  
  63  5:38  Drone  
  64  5:49  Mutalisk  
  64  5:51  Drone x2  
  68  5:57  Mutalisk  
  68  6:00  Zerg Flyer Weapons Level 1  
  70  6:08  Hatchery  
  70  6:09  Mutalisk x2  
  70  6:11  Drone  
  74  6:13  Hatchery  
  73  6:21  Queen  
  73  6:23  Drone  
  73  6:24  Mutalisk x2  
  80  6:26  Overlord  
  80  6:28  Overlord  
  80  6:30  Drone  
  81  6:39  Overlord  
  81  6:44  Mutalisk  
  81  6:45  Mutalisk x2  
  87  6:48  Mutalisk  
  87  6:51  Overseer  
  87  6:53  Drone  
  87  6:54  Drone  
  91  7:06  Mutalisk x4  
  99  7:13  Infestation Pit  
  99  7:14  Mutalisk  
  100  7:16  Zergling x4  
  100  7:17  Drone  
  100  7:18  Drone  
  104  7:43  Mutalisk x3  
  110  7:54  Zerg Flyer Armor Level 1  
  110  8:03  Mutalisk x3  
  116  8:45  Mutalisk x3  
  111  8:48  Drone  
  111  8:49  Drone x5  
  111  8:50  Drone x2  
  114  9:16  Overlord x2  
  114  9:17  Overlord x5  
  114  9:21  Hive  
  104  9:44  Drone  
  104  9:45  Drone x4, Overlord x2  
  109  9:51  Mutalisk x2  
  109  9:52  Zergling x4  
  115  9:53  Zergling x8  
  119  10:02  Mutalisk x2  
  119  10:03  Drone  
  119  10:04  Drone x2  
  125  10:17  Drone x2  
  126  10:29  Hatchery  
  126  10:31  Hatchery  
  126  10:32  Hatchery  
  126  10:35  Hatchery  
  120  11:01  Hatchery  
  120  11:03  Mutalisk, Greater Spire  
  120  11:04  Mutalisk x5  
  121  11:05  Mutalisk x3  
  121  11:06  Drone  
  121  11:07  Drone x5  
  143  11:32  Drone x4, Mutalisk x3  
  133  12:14  Mutalisk x5  
  143  12:18  Zergling x6  
  143  12:19  Zergling x12  
  152  12:27  Zergling x6  
  152  12:28  Zergling x18  
  164  12:35  Drone  
  164  12:36  Drone x5  
  170  12:41  Extractor  
  170  12:43  Extractor  
  168  12:44  Extractor x2  
Show
View Real Time Build Order
Export as new Build Order

Archangel Protoss 

Build Orders:  

Get SALT Encoding   

  12  0:02  Probe  
  14  0:14  Probe  
  14  0:18  Pylon  
  14  0:26  Probe  
  15  0:38  Probe  
  15  0:40  Gateway  
  16  0:47  Assimilator  
  16  0:50  Probe (Chrono Boost)  
  17  1:02  Probe (Chrono Boost)  
  18  1:08  Assimilator  
  18  1:09  Probe (Chrono Boost)  
  19  1:16  Probe  
  20  1:20  Pylon  
  20  1:29  Probe  
  21  1:36  Cybernetics Core  
  21  1:41  Probe  
  22  1:53  Probe  
  23  2:03  Gateway  
  23  2:11  Nexus  
  23  2:17  Warp Gate (Chrono Boost)  
  23  2:18  Pylon  
  23  2:20  Probe  
  24  2:30  Stalker  
  24  2:36  Probe  
  27  2:50  Adept  
  29  2:55  Robotics Facility  
  29  2:58  Probe, Pylon  
  29  3:04  Adept  
  32  3:15  Shield Battery  
  32  3:25  Stalker  
  32  3:26  Probe x2  
  36  3:38  Probe x2  
  36  3:39  Stalker  
  40  3:44  Observer  
  41  3:50  Probe x2  
  41  3:52  Assimilator  
  43  4:04  Gateway  
  43  4:15  Immortal  
  47  4:17  Stalker  
  47  4:19  Sentry  
  47  4:22  Probe x2 (Chrono Boost)  
  55  4:33  Probe x2 (Chrono Boost)  
  55  4:39  Probe x2 (Chrono Boost)  
  57  4:49  Probe x2 (Chrono Boost)  
  57  4:50  Stalker  
  61  4:54  Observer  
  61  4:55  Pylon  
  61  4:57  Pylon  
  62  5:13  Probe x2  
  64  5:16  Adept x2  
  64  5:17  Adept  
  69  5:23  Observer  
  70  5:30  Probe x2  
  70  5:33  Assimilator  
  72  5:40  Pylon x2  
  72  5:42  Probe, Pylon  
  73  5:43  Pylon  
  73  5:44  Probe  
  74  5:52  Gateway  
  74  5:53  Gateway  
  74  5:54  Probe  
  74  5:56  Probe  
  76  6:11  Immortal  
  80  6:14  Robotics Bay  
  80  6:22  Twilight Council  
  80  6:24  Forge  
  80  6:26  Probe  
  80  6:27  Probe  
  82  6:34  Forge  
  82  6:39  Stalker  
  84  6:40  Stalker x2  
  88  6:53  Sentry  
  88  6:54  Sentry  
  92  6:55  Probe x2  
  94  7:05  Nexus  
  94  7:07  Pylon  
  94  7:09  Pylon  
  94  7:10  Pylon  
  94  7:11  Protoss Ground Weapons Level 1 (Chrono Boost), Protoss Ground Armor Level 1 (Chrono Boost)  
  94  7:19  Probe x2  
  94  7:22  Blink (Chrono Boost)  
  93  7:31  Probe x2  
  93  7:43  Probe (Chrono Boost)  
  95  7:48  Probe (Chrono Boost)  
  95  7:53  Probe (Chrono Boost)  
  95  7:54  Stalker x2  
  95  7:55  Stalker x3  
  95  7:56  Probe (Chrono Boost)  
  107  8:07  Probe  
  108  8:19  Stalker  
  110  8:20  Stalker x3  
  110  8:21  Stalker  
  118  8:50  Stalker x5  
  118  8:52  Probe x2  
  118  8:53  Probe  
  118  8:55  Assimilator  
  131  8:58  Assimilator  
  131  9:04  Probe  
  131  9:06  Gateway  
  131  9:08  Gateway  
  132  9:11  Pylon, Nexus  
  132  9:12  Pylon x2  
  132  9:16  Stalker x3  
  138  9:17  Stalker  
  139  9:27  Stalker  
  133  9:44  Stalker x3  
  133  9:45  Stalker  
  130  10:18  Observer (Chrono Boost)  
  130  10:26  Probe x3  
  133  10:32  Protoss Ground Weapons Level 2 (Chrono Boost), Protoss Ground Armor Level 2 (Chrono Boost), Stalker x3  
  133  10:33  Stalker x3  
  145  10:36  Observer (Chrono Boost)  
  146  10:54  Stalker  
  148  11:16  Colossus  
  142  11:24  Stalker  
  142  11:25  Stalker x4  
  142  11:26  Stalker  
  124  11:36  Adept  
  66  11:48  Stalker x3  
  66  11:49  Stalker x3  
  68  12:03  Stalker  
  68  12:13  Stalker x4  
  68  12:14  Stalker x2  
  70  12:28  Gateway x2  
  70  12:29  Gateway  
  52  12:30  Gateway  
  52  12:37  Stalker x2  
  52  12:38  Stalker x2  
  52  12:39  Stalker  
  54  13:00  Stalker  
  54  13:01  Stalker x3  
  54  13:02  Stalker  
Show
View Real Time Build Order
Export as new Build Order

ATomCorp Terran 

Build Orders: Reaper Expand, Mech 

Get SALT Encoding   

  12  0:02  SCV  
  13  0:18  SCV, Supply Depot  
  14  0:30  SCV  
  15  0:41  Barracks  
  15  0:45  Refinery  
  15  0:46  SCV  
  16  0:58  SCV  
  17  1:23  Command Center  
  17  1:25  SCV  
  18  1:30  Reaper  
  19  1:38  Supply Depot  
  18  1:57  SCV  
  19  2:09  SCV  
  19  2:12  Factory  
  20  2:19  Refinery  
  20  2:21  SCV  
  21  2:25  Barracks Reactor  
  21  2:33  SCV  
  21  2:45  SCV x2  
  23  2:57  SCV x2  
  25  3:00  Factory Tech Lab  
  25  3:05  Marine x2  
  27  3:06  Supply Depot  
  27  3:09  SCV x2  
  29  3:21  SCV  
  30  3:33  SCV  
  31  3:39  Orbital Command  
  31  3:43  Siege Tank  
  31  3:45  SCV  
  35  3:49  Factory  
  35  3:52  Marine x2  
  37  3:57  SCV  
  38  4:09  SCV  
  39  4:10  Marine x2  
  39  4:15  Siege Tank  
  44  4:21  SCV  
  44  4:23  SCV  
  46  4:28  Refinery  
  46  4:32  Refinery  
  46  4:33  SCV  
  46  4:35  SCV  
  48  4:39  Factory Tech Lab  
  48  4:45  SCV  
  48  4:47  SCV  
  48  4:49  Armory  
  50  4:54  Siege Tank  
  50  4:58  SCV, Armory  
  54  5:07  SCV  
  54  5:10  SCV  
  56  5:20  SCV  
  57  5:22  SCV  
  58  5:32  SCV  
  58  5:33  Siege Tank  
  62  5:41  Supply Depot  
  62  5:46  Terran Vehicle Weapons Level 1  
  62  5:47  Terran Vehicle And Ship Armor Level 1  
  62  5:48  Supply Depot  
  62  5:52  SCV x2, Siege Tank  
  67  6:04  SCV x2  
  67  6:05  Supply Depot  
  69  6:11  Supply Depot  
  69  6:31  SCV  
  71  6:35  Orbital Command  
  70  6:43  Command Center  
  70  6:53  Refinery, Siege Tank x2  
  76  6:57  Refinery  
  76  7:04  Smart Servos  
  76  7:06  Infernal Pre-Igniter  
  76  7:07  Factory x2  
  76  7:25  Siege Tank x2  
  82  7:52  Supply Depot  
  82  7:53  Supply Depot  
  77  8:04  Factory Tech Lab x2  
  55  8:23  Cyclone x4  
  56  8:27  SCV  
  56  8:30  SCV  
  56  8:39  SCV  
  57  8:42  SCV  
  58  8:54  SCV  
  41  9:06  SCV  
  35  9:14  Cyclone x4  
  47  9:18  SCV  
  48  9:31  SCV  
  48  9:37  SCV  
  50  9:40  SCV  
  50  9:44  SCV  
  51  9:46  Siege Tank x4  
  51  9:49  SCV  
  51  9:52  SCV  
  64  9:56  SCV  
  64  9:57  Mag-Field Accelerator  
  65  10:02  SCV  
  65  10:04  SCV  
  67  10:14  SCV  
  68  10:16  SCV  
  68  10:17  SCV  
  70  10:26  SCV  
  71  10:28  SCV  
  71  10:29  SCV  
  69  10:38  SCV  
  69  10:40  SCV  
  69  10:41  SCV  
  62  10:50  SCV  
  62  10:53  SCV x2  
  57  11:02  SCV  
  57  11:05  SCV x2  
  59  11:14  SCV  
  59  11:15  Engineering Bay  
  59  11:17  SCV x2  
  62  11:26  SCV  
  62  11:29  SCV x2  
  65  11:38  SCV  
  66  11:41  SCV x2  
  58  11:50  SCV  
  39  12:06  Cyclone x2  
  30  12:18  Thor  
  33  12:23  SCV x3  
  36  12:31  Missile Turret  
  36  12:35  SCV x3  
  39  12:46  Missile Turret  
  39  12:47  SCV x2  
  41  12:52  Missile Turret  
  41  12:59  SCV  
  42  13:07  Missile Turret  
  42  13:12  SCV  
  37  13:14  Missile Turret  
Tags
 
Add a new tag
Caveats
  • Supply blocks, unpowered buildings, or Contaminate may cause inaccurate times.
  • Supply counts are checked every 10 seconds.